 Dungeon Crawl Stone Soup version 0.18-a0-822-gb52b7b4 (webtiles) character file.

8 Raultor the Skirmisher (level 2, 24/24 HPs)
             Began as a Demonspawn Fighter on Dec 16, 2015.
             Quit the game on level 1 of the Dungeon.
             The game lasted 00:00:35 (246 turns).

Raultor the Skirmisher (Demonspawn Fighter)          Turns: 246, Time: 00:00:35

Health: 24/24      AC:  6    Str: 16    XL:     2   Next: 0%
Magic:  2/2        EV:  6    Int:  9    God:
Gold:   38         SH:  8    Dex: 12    Spells: 0 memorised, 1 level left

rFire  . . .     SeeInvis .     a - +0 flail
rCold  . . .     Gourm    .     b - +0 scale mail
rNeg   . . .     Faith    .     c - +0 shield
rPois  .         Spirit   .     (no helmet)
rElec  .         Dismiss  .     (no cloak)
rCorr  .         Reflect  .     (no gloves)
SustAt .         Harm     .     (no boots)
MR     .....                    (no amulet)
Stlth  +.........               (no ring)
                                (no ring)

@: not resistant to hostile enchantments, very unstealthy
A: nightstalker 1
a: no special abilities


You were on level 1 of the Dungeon.
You were not hungry.

You visited 1 branch of the dungeon, and saw 1 of its levels.

You collected 38 gold pieces.

Inventory:

Hand Weapons
 a - a +0 flail (weapon)
Armour
 b - a +0 scale mail (worn)
 c - a +0 shield (worn)
Scrolls
 e - a scroll of amnesia {unknown}
 g - 2 scrolls of noise {unknown}
 i - a scroll of identify {unknown}
Potions
 d - a potion of might
Comestibles
 f - a bread ration {@e1}
 h - 3 chunks of flesh {@w0}
 j - a slice of pizza


   Skills:
 - Level 3.0 Fighting
 * Level 2.0 Maces & Flails
 + Level 2.8 Armour
 + Level 2.9 Shields


You had one spell level left.
You didn't know any spells.

Dungeon Overview and Level Annotations

Branches:
Dungeon (1/15)

Altars:


Innate Abilities, Weirdness & Mutations

You are slightly more attuned to the shadows.


Message History

The kobold completely misses you.
You see here a stone.
You closely miss the kobold.
The kobold throws a stone.
You block the stone. The kobold hits you with a short sword.
You take 1 damage, and have 16/18 hp.
You hit the kobold.
You kill the kobold!
The rat barely misses you.
You hit the rat. You block the rat's attack.
A goblin comes into view.
Your shield and scale mail prevent you from hitting the rat.
The goblin shouts!
The rat twitches its whiskers.
The rat closely misses you. The goblin hits you but does no damage.
You block the rat's attack.
You closely miss the rat. The goblin hits you with a club.
You block the rat's attack. The kobold hits you but does no damage.
The goblin hits you with a club.
You take 4 damage, and have 12/18 hp.
MASSIVE DAMAGE!!
You sock the rat!
You kill the rat!
The kobold hits you but does no damage. The goblin barely misses you.
You closely miss the kobold. The kobold hits you but does no damage.
The goblin hits you but does no damage. The kobold hits you but does no damage.
You hit the kobold.
You kill the kobold!
Your Maces & Flails skill increases to level 2!
The goblin hits you but does no damage. You block the goblin's attack.
Your shield and scale mail prevent you from hitting the goblin.
The goblin hits you but does no damage. You block the goblin's attack.
You closely miss the goblin. The goblin closely misses you.
The goblin barely misses you. You block the goblin's attack.
You sock the goblin!
You kill the goblin!
The goblin hits you but does no damage.
You barely miss the goblin. The goblin hits you.
The goblin hits you but does no damage.
You take 2 damage, and have 11/18 hp.
Your shield and scale mail prevent you from hitting the goblin.
You block the goblin's attack.
You closely miss the goblin. The goblin hits you but does no damage.
You hit the goblin. The goblin hits you but does no damage.
The goblin hits you.
You take 1 damage, and have 10/18 hp.
You sock the goblin!
You kill the goblin!
You see here a stone.
Things that are here:
a short sword; a goblin corpse; a rat corpse You butcher the goblin corpse.
h - 2 chunks of flesh {@w0}
Things that are here:
a short sword; a rat corpse You butcher the rat corpse.
h - 3 chunks of flesh {@w0} (gained 1)
You see here a short sword.
You start resting.
Health restored: 18
Things that are here:
a club; a kobold corpse You see here a stone.
You now have 8 gold pieces.
You now have 20 gold pieces (gained 12).
i - a scroll labeled QIROHE FERGHEUS
j - a slice of pizza You now have 38 gold pieces (gained 18).
A kobold comes into view. It is wielding a short sword.
The kobold throws a stone.
The stone barely misses you.
You see here a stone.
The kobold throws a stone.
The stone hits you but does no damage.
You see here a stone.
A bat comes into view.
The kobold throws a stone.
The stone hits you but does no damage.
You see here a stone.
A jackal comes into view.
The bat hits you but does no damage.
You closely miss the bat. You block the bat's attack.
The kobold throws a stone.
You block the stone. The bat hits you but does no damage.
You block the kobold's attack.
You thump the kobold!
You kill the kobold!
You block the bat's attack. The bat hits you.
The jackal bites you but does no damage.
You take 1 damage, and have 17/18 hp.
You barely miss the jackal. The bat hits you but does no damage.
The jackal bites you but does no damage. x2
Health restored: 18 You hit the jackal.
The bat hits you but does no damage. You block the jackal's attack. x2
You hit the jackal but do no damage. You block the bat's attack.
You block the bat's attack. The jackal barely misses you.
The jackal barely misses you.
You sock the jackal!
You kill the jackal!
You have reached level 2!
Your demonic ancestry asserts itself...
You slip into the darkness of the dungeon.
The bat hits you but does no damage.
Health restored: 24; MP restored: 2

......####..(..≈♣♣≈..#..
...............P≈≈......
............(...♣≈P.....
.......(....# #≈.......
............# ###......
............######......
.......)................
.......@................
........................
....b...(.........##....
.........(........♣≈≈...
..########(......≈♣♣♣≈..
. #......≈≈≈≈PP≈≈
#....P♣♣≈≈PP≈♣♣
#....♣≈≈≈≈≈♣≈P≈


You could see a bat.

Vanquished Creatures
  2 goblins (D:1)
  3 kobolds (D:1)
  A giant cockroach (D:1)
  A jackal (D:1)
  A rat (D:1)
8 creatures vanquished.

Notes
Turn   | Place    | Note
--------------------------------------------------------------
     0 | D:1      | Raultor the Demonspawn Fighter began the quest for the Orb.
     0 | D:1      | Reached XP level 1. HP: 18/18 MP: 1/1
    64 | D:1      | Reached skill level 2 in Maces & Flails
   245 | D:1      | Gained mutation: You are slightly more attuned to the shadows. [demonic ancestry]
   245 | D:1      | Reached XP level 2. HP: 24/24 MP: 2/2
   246 | D:1      | Quit the game

Vault maps used:
D:1:      scummos_arrival_simple_crosswalls, serial_bayou, serial_bayou_pond_d,
          serial_bayou_ford_a, serial_bayou_pond_e, serial_bayou_lagoon_b,
          serial_bayou_lake_a, serial_bayou_lagoon_a

Action                   || total
-------------------------++-------
Melee: Flail             ||    24

Vault maps used:
D:1:      scummos_arrival_simple_crosswalls, serial_bayou, serial_bayou_pond_d,
          serial_bayou_ford_a, serial_bayou_pond_e, serial_bayou_lagoon_b,
          serial_bayou_lake_a, serial_bayou_lagoon_a

Table legend:
 A = Turns spent in this place as a percentage of turns spent in the entire game.
 B = Non-inter-level travel turns spent in this place as a percentage of non-inter-level travel turns spent in the entire game.
 C = Inter-level travel turns spent in this place as a percentage of turns spent in this place.
 D = Turns resting spent in this place as a percentage of non-inter-level travel turns spent in this place.
 E = Turns spent auto-exploring this place as a percentage of non-inter-level travel turns spent in this place.
 F = Non-inter-level travel turns spent in this place divided by the number of levels of this place that you've seen.
                   A       B       C       D       E      F
               +-------+-------+-------+-------+-------+----------------------
         Total | 100.0 | 100.0 |   0.0 |   4.1 |  14.3 |  49.0
       Dungeon | 100.0 | 100.0 |   0.0 |   4.1 |  14.3 |  49.0
               +-------+-------+-------+-------+-------+----------------------

Table legend:
 A = Kills in this place as a percentage of kills in entire the game.
 B = Kills by you in this place as a percentage of kills by you in the entire game.
 C = Kills by friends in this place as a percentage of kills by friends in the entire game.
 D = Other kills in this place as a percentage of other kills in the entire game.
 E = Experience gained in this place as a percentage of experience gained in the entire game.
 F = Experience gained in this place divided by the number of levels of this place that you have seen.
                   A       B       C       D       E      F
               +-------+-------+-------+-------+-------+----------------------
         Total | 100.0 | 100.0 |  -nan |  -nan | 100.0 |  12.0
       Dungeon | 100.0 | 100.0 |  -nan |  -nan | 100.0 |  12.0
               +-------+-------+-------+-------+-------+----------------------
